 Dungeon Crawl Stone Soup version 0.31-a0-1620-gcbf77bbcfc (webtiles) character file.

Game seed: 373358348557369161

7 Szperacz the Grave Robber (level 2, -2/19 HPs)
             Began as a Human Necromancer on Jan 11, 2024.
             Succumbed to a kobold's poison
             ... on level 1 of the Dungeon.
             The game lasted 00:05:28 (549 turns).

Szperacz the Grave Robber (Human Necromancer)        Turns: 549, Time: 00:05:29

Health: -2/19      AC:  2    Str:  8    XL:     2   Next: 4%
Magic:  1/5        EV: 12    Int: 15    God:
Gold:   54         SH:  0    Dex: 13    Spells: 4/5 levels left

rFire   . . .        (no weapon)
rCold   . . .        (no shield)
rNeg    . . .        a - +0 robe
rPois   .            (no helmet)
rElec   .            (no cloak)
rCorr   .            (no gloves)
SInv    .            (no boots)
Will    .....        (no amulet)
Stlth   ++           (no ring)
HPRegen 0.23/turn    (no ring)
MPRegen 0.09/turn

%: no passive effects
@: lethally poisoned (-2 -> -17)
A: explore regen
a: no special abilities


You were on level 1 of the Dungeon.
You visited 1 branch of the dungeon, and saw 1 of its levels.

You collected 54 gold pieces.

Inventory:

Armour
 a - a +0 robe (worn)
Scrolls
 d - a scroll of poison {unknown}
 f - a scroll of revelation {unknown}
Potions
 b - a potion of magic
 c - a potion of brilliance {unknown}
 e - a potion of curing {unknown}


   Skills:
 + Level 2.0 Dodging
 + Level 2.0 Stealth
 + Level 2.0 Spellcasting
 + Level 4.3 Necromancy


You had 4 spell levels left.
You knew the following spells:

 Your Spells              Type           Power      Damage    Failure   Level
a - Necrotise             Necr           56%        1d6       3%          1

Your spell library contained the following spells:

 Spells                   Type           Power      Damage    Failure   Level
 Vampiric Draining        Necr           14%        2d7       11%         3
 Animate Dead             Necr           14%        N/A       36%         4
 Curse of Agony           Necr           14%        N/A       71%         5


Dungeon Overview and Level Annotations

Branches:
Dungeon (1/15)

Altars:


Innate Abilities, Weirdness & Mutations

You regain HP and MP as you explore.


Message History

Aim: a goblin, wielding a +0 dagger (severely wounded, chance to affect: 84%)
The goblin writhes in agony.
You kill the goblin!
The dead are walking!
You have reached level 2!
You see here a +0 dagger.
You swap places.
Casting: Necrotise (safe; 3% risk of failure)
Confirm with . or Enter, or press ? or * to list all spells.
Aiming: Necrotise (safe; 3% risk of failure)
Press: ? - help, Shift-Dir - straight line, f - kobold
Aim: a kobold, wielding a +0 whip of venom (ally target, chance to affect: 84%)
The kobold barely resists.
The kobold closely misses you.
Casting: Necrotise (safe; 3% risk of failure)
Confirm with . or Enter, or press ? or * to list all spells.
You don't have enough magic to cast this spell.
Unknown command.
Casting: Necrotise (safe; 3% risk of failure)
Confirm with . or Enter, or press ? or * to list all spells.
You don't know that spell.
The kobold barely misses you. The kobold completely misses you.
Your goblin skeleton hits the kobold.
The kobold barely misses you.
Your goblin skeleton completely misses the kobold.
The kobold completely misses you.
Your goblin skeleton barely misses the kobold.
The kobold hits you with a +0 whip of venom.
You are poisoned.
Your goblin skeleton closely misses the kobold.
You feel very sick.
You feel sick. The kobold misses you.
Your goblin skeleton hits the kobold.
You feel sick.
You feel sick. The kobold attacks as it pursues you!
The kobold hits you with a +0 whip of venom.
You are lethally poisoned!
* * * LOW HITPOINT WARNING * * *
You feel very sick. The kobold completely misses you.
Your goblin skeleton closely misses the kobold.
You die...

#.# ##.##
#... ## #
#..# .
#.###..##
#.......##
##..K..##
#..Z....#
##...@.##
#.####
##...##
#.....
##.##
######
##.# ##..#
#
##.).####
####
#.......+
+...
##.....##
####
#...#.# #


You could see a kobold (ally target) and a friendly goblin skeleton.

Vanquished Creatures
  A giant cockroach (D:1)
  A goblin (D:1)
  2 hobgoblins (D:1)
  2 kobolds (D:1)
6 creatures vanquished.

Notes
Turn   | Place    | Note
-------+----------+-------------------------------------------
     0 | D:1      | Szperacz the Human Necromancer began the quest for the Orb.
     0 | D:1      | Reached XP level 1. HP: 13/13 MP: 3/3
   531 | D:1      | Reached XP level 2. HP: 19/19 MP: 0/5
   549 | D:1      | Succumbed to a kobold's poison

Illustrated notes

Levels and vault maps discovered:
D:1:      dpeg_arrival_pits, layout_loops_corners, serial_bayou_pond_d,
          serial_bayou_crossing

Action                     || total
---------------------------++-------
   Cast: Necrotise         ||    14
 Armour: Robe              ||     2
  Dodge: Dodged            ||     8

Table legend: (Time is in decaauts)
 A = Elapsed time spent in this place.
 B = Non-inter-level travel time spent in this place.
 C = Inter-level travel time spent in this place.
 D = Time resting spent in this place.
 E = Time spent auto-exploring this place.
 F = Levels seen in this place.
 G = Mean time per level.
                   A        B        C        D        E       F      G
               +--------+--------+--------+--------+--------+-----+--------+
         Total |    553 |    553 |      0 |      0 |    386 |   1 |  553.0 |
       Dungeon |    553 |    553 |      0 |      0 |    386 |   1 |  553.0 |
               +--------+--------+--------+--------+--------+-----+--------+

Top non-repeatable levels by time:
     D:1: 553 daAuts
